 Dungeon Crawl Stone Soup version 0.25.1-2-g60ff931df9 (webtiles) character file.

Game seed: 10260655326774695453

70 Erymatos the Chopper (level 4, -2/41 HPs)
             Began as a Minotaur Berserker on Nov 11, 2020.
             Was a Follower of Trog.
             Killed by nerve-wracking pain
             ... invoked by Jessica
              (13 damage)
             ... on level 3 of the Dungeon.
             The game lasted 00:02:08 (2714 turns).

Erymatos the Chopper (Minotaur Berserker)           Turns: 2714, Time: 00:02:09

Health: -2/41      AC:  2    Str: 22    XL:     4   Next: 4%
Magic:  3/3        EV: 12    Int:  4    God:    Trog [*.....]
Gold:   128        SH:  0    Dex: 10    Spells: 3/3 levels left

rFire    . . .     SeeInvis .   a - +0 hand axe
rCold    + + .     Gourm    .   (no shield)
rNeg     . . .     Faith    .   b - +0 animal skin
rPois    .         Spirit   .   (helmet restricted)
rElec    .         Reflect  .   (no cloak)
rCorr    .         Harm     .   (no gloves)
MR       .....                  (no boots)
Stlth    +.........             (no amulet)
HPRegen  0.13/turn              l - ring of protection from cold
MPRegen  0.08/turn              m - ring of protection from cold

@: confused
A: retaliatory headbutt, horns 2
a: Berserk, Renounce Religion


You were on level 3 of the Dungeon.
You worshipped Trog.
Trog was aware of your devotion.
You were not hungry.

You visited 1 branch of the dungeon, and saw 3 of its levels.

You collected 128 gold pieces.

Inventory:

Hand Weapons
 a - a +0 hand axe (weapon)
Missiles
 j - 34 bolts
Armour
 b - a +0 animal skin (worn)
Jewellery
 l - a ring of protection from cold (left hand)
 m - a ring of protection from cold (right hand)
Scrolls
 d - 3 scrolls of identify {unknown}
 f - 2 scrolls of magic mapping {unknown}
 g - a scroll of remove curse {unknown}
 h - a scroll of fog {unknown}
 i - a scroll of immolation {unknown}
 k - a scroll of blinking {unknown}
 n - a scroll of amnesia {unknown}
 o - a scroll of noise {unknown}
Potions
 e - 2 potions of flight {unknown}
Comestibles
 c - 4 rations
 p - 2 chunks of flesh


   Skills:
 + Level 4.5 Fighting
 + Level 4.7 Axes
 + Level 2.6 Armour
 + Level 2.9 Dodging


You had 3 spell levels left.
You didn't know any spells.
Your spell library was empty.

Dungeon Overview and Level Annotations

Branches:
Dungeon (3/15)

Altars:

Annotations:
D:3 Jessica


Innate Abilities, Weirdness & Mutations

You reflexively headbutt those who attack you in melee.
You have a pair of horns on your head.


Message History

You closely miss the giant cockroach. You hit the jackal.
You kill the jackal!
Trog accepts your kill.
You hit the jackal. The orc wizard completely misses you.
The giant cockroach closely misses you. The jackal closely misses you.
The orc wizard hits you with a +0 dagger.
The giant cockroach barely misses you.
You're too confused!
You miss the orc wizard.
The orc wizard is severely wounded.
You hit the giant cockroach.
You kill the giant cockroach!
Trog accepts your kill.
You hit Jessica but do no damage. You miss the jackal. The jackal bites you.
Jessica closely misses you. The jackal closely misses you.
The orc wizard hits you with a +0 dagger.
* * * LOW HITPOINT WARNING * * *
Jessica casts a spell at you. Pain shoots through your body!
You die...

###### ######
####....### ##>....
........... ....#.###
#####.#..### .......#
#<..........
$#.#.#.#.######.#.#.#.#.
................#.#.....
.#<..#)#.######.#.###.##
.......@.# ###.#.....#
##..#.oh@# #...#.....#
.......# #....##.#
#....#..# ##.#.#รท.##.#.
..................<.....
...#...........########.
.....#........ .
.....#.#..... ..


You could see an orc wizard, Jessica and a jackal.

Vanquished Creatures
  3 adders
  2 worms (D:2)
  2 leopard geckos
  2 orcs (D:3)
  A giant cockroach (D:3)
  3 goblins
  2 hobgoblins
  6 jackals
  5 bats
  4 kobolds
  A rat (D:2)
31 creatures vanquished.

Notes
Turn   | Place    | Note
-------+----------+-------------------------------------------
     0 | D:1      | Erymatos the Minotaur Berserker began the quest for the
                  | Orb.
     0 | D:1      | Reached XP level 1. HP: 19/19 MP: 0/0
   127 | D:1      | Reached XP level 2. HP: 12/27 MP: 1/1
  1679 | D:2      | Reached XP level 3. HP: 33/33 MP: 2/2
  2705 | D:3      | Noticed Jessica
  2711 | D:3      | Reached XP level 4. HP: 22/41 MP: 3/3
  2714 | D:3      | Killed from afar by Jessica

Illustrated notes

Levels and vault maps discovered:
D:1:      roderic_octagonal_star, layout_basic
D:2:      layout_basic
D:3:      layout_basic, uniq_jessica

Skill      XL: |  1  2 |
---------------+-------+-----
Axes           | 4 |  4.7
Fighting       | 4 |  4.5
Armour         | |  2.6
Dodging        | |  2.9

Action                   |  1- 3 |  4- 6 || total
-------------------------+-------+-------++-------
Melee: Hand axe          |    69 |     2 ||    71
       Headbutt          |     7 |       ||     7
Invok: Berserk           |     2 |       ||     2
  Eat: Chunk             |     4 |       ||     4
       Ration            |     1 |       ||     1
Armor: Animal skin       |    25 |     2 ||    27
Dodge: Dodged            |    47 |     8 ||    55
